 Dungeon Crawl Stone Soup version 0.21-a0-633-g4c047d5 (webtiles) character file.

49 mortelune the Covered (level 3, -1/34 HPs)
             Began as a Deep Dwarf Fighter on Dec 28, 2017.
             Slain by a worm (8 damage)
             ... on level 2 of the Dungeon.
             The game lasted 00:03:57 (1217 turns).

mortelune the Covered (Deep Dwarf Fighter)          Turns: 1217, Time: 00:03:57

Health: -1/34      AC:  7    Str: 20    XL:     3   Next: 53%
Magic:  3/3        EV:  7    Int:  8    God:
Gold:   69         SH:  9    Dex: 12    Spells: 2/2 levels left

rFire    . . .     SeeInvis .   a - +0 war axe
rCold    . . .     Gourm    .   c - +0 shield
rNeg     . . .     Faith    .   n - +0 scale mail
rPois    .         Spirit   .   (no helmet)
rElec    .         Reflect  .   (no cloak)
rCorr    .         Harm     .   (no gloves)
MR       .....                  (no boots)
Stlth    ..........             (no amulet)
HPRegen  0.00/turn              (no ring)
MPRegen  0.08/turn              (no ring)

@: non-regenerating
A: damage resistance, heal wounds, sense surroundings 1, no regeneration
a: Heal Wounds


You were on level 2 of the Dungeon.
You were not hungry.

You visited 1 branch of the dungeon, and saw 2 of its levels.

You collected 69 gold pieces.

Inventory:

Hand Weapons
 a - a +0 war axe (weapon)
 b - a +2 fustibalus of velocity
 o - a +1 hunting sling of flaming
Missiles
 p - 18 stones (quivered)
Armour
 c - a +0 shield (worn)
 n - a +0 scale mail (worn)
Scrolls
 e - a scroll of enchant weapon {unknown}
 h - 2 scrolls of remove curse
 j - a scroll of teleportation {unknown}
 k - a scroll of enchant armour {unknown}
 l - a scroll of blinking {unknown}
 m - a scroll of identify {unknown}
Potions
 d - a potion of might
 i - a potion of curing {unknown}
Comestibles
 f - 4 rations
 g - 3 chunks of flesh


   Skills:
 + Level 3.1 Fighting
 * Level 3.4 Axes
 + Level 3.8 Armour
 - Level 3.2 Shields


You had 2 spell levels left.
You didn't know any spells.

Dungeon Overview and Level Annotations

Branches:
Dungeon (2/15)

Altars:
Xom


Innate Abilities, Weirdness & Mutations

You are resistant to damage.
You can heal yourself by infusing magical energy.
You passively map a small area around you.
You do not regenerate.


Message History

You hit the worm but do no damage.
The worm is severely wounded.
The worm bites you but does no damage.
Your scale mail prevents you from hitting the worm.
The worm is heavily wounded.
You hit the worm. The worm bites you. You block the worm's attack.
You barely miss the worm.
The worm is heavily wounded.
You slash the worm! The worm bites you.
You slash the worm!
The worm is almost dead.
You barely miss the worm. The worm bites you!
* * * LOW HITPOINT WARNING * * *
The worm bites you.
* * * LOW HITPOINT WARNING * * *
You hit the worm.
You kill the worm!
You hit the worm. You block the worm's attack. The worm bites you!
You die...

≈♣≈P..÷....## , ,
.....#.....# , , ,
######.....#
.....#.....## ,*, ,
####........# * , , , ,,
...#........# ,,
............###### * *
............##...#####..#
, ,
.............†..@........
,
...............w.........
,
.....[.............).....
............#.##..##.....
.....................#...
,
..................#..>,.(
* ............###.>...##.
#, .......##.........#..
.# ...##### #..##.


You could see a worm.

Vanquished Creatures
  2 adders (D:2)
  2 worms (D:2)
  2 leopard geckos (D:1)
  2 giant cockroaches (D:2)
  2 goblins (D:1)
  4 hobgoblins
  4 bats (D:1)
  A frilled lizard (D:2)
  3 kobolds (D:1)
  2 rats
24 creatures vanquished.

Notes
Turn   | Place    | Note
-------+----------+-------------------------------------------
     0 | D:1      | mortelune the Deep Dwarf Fighter began the quest for the Orb.
     0 | D:1      | Reached XP level 1. HP: 20/20 MP: 1/1
   172 | D:1      | Reached XP level 2. HP: 24/27 MP: 2/2
   402 | D:1      | Found a shimmering altar of Xom.
   609 | D:1      | Found a shimmering altar of Xom.
  1119 | D:2      | Reached XP level 3. HP: 29/34 MP: 3/3
  1217 | D:2      | Slain by a worm

Vault maps used:
D:1:      co_arrival_hexagon_in_a_hexagon, xom_teletrap_fun
D:2:      minitemple, first_ration, grunt_decor_resistance, serial_bayou_lake_a,
          uniq_jessica

Skill      XL: |  1  2 |
---------------+-------+-----
Axes           | 3 |  3.4
Fighting       | 3 |  3.1
Armour         | |  3.8
Shields        | |  3.2

Action                   || total
-------------------------++-------
Melee: War axe           ||   112
 Fire: Fustibalus        ||     4
  Use: Scroll            ||     1
  Eat: Chunk             ||     1
Armor: Scale mail        ||    49
Dodge: Dodged            ||    34
Block: Shield            ||    64

Table legend:
 A = Spawn XP
 B = Non-spawn XP
 C = Spawn XP percentage of total XP
 D = Spawn monster count
 E = Non-spawn monster count
 F = Spawn count percentage of total count
 G = Total turns spent on level
                    A         B        C        D         E        F      G
               +---------+---------+-------+---------+---------+-------+---------
         Total |       0 |      71 |   0.0 |       0 |      24 |   0.0 |  1217
               +---------+---------+-------+---------+---------+-------+---------
           D:1 |       0 |      25 |   0.0 |       0 |      14 |   0.0 |   945
           D:2 |       0 |      46 |   0.0 |       0 |      10 |   0.0 |   272
               +---------+---------+-------+---------+---------+-------+---------
